AoeStats
← Keywar

Arena

508407128Analyzed
2v2 RM · 9d ago on Sep 22, 2026· 31m 29s· 4 players
Game mode
Random Map
Map size
Medium (4 player)
Population
200
Speed
Normal
Resources
Standard
Victory
Conquest
Starting age
Dark Age
Ending age
Imperial Age
RankedLock teamsTeams togetherTeam positionsShared explorationLock speedFull tech treeHidden civsTurbo modeCheats
Victory
Defeat
🇨🇳 Japanese · China
1079
+13
🇨🇳 Spanish · China
1009
+16
🇪🇸 Franks · Spain
1027
-15
🇪🇸 Magyars · Spain
1001
-14
juanjinpoker
7:23 Loom
11:55 Feudal Age
13:19 Double-Bit Axe
14:35 Wheelbarrow
17:03 Castle Age
15:48 Gold Mining
18:38 Bow Saw
26:07 Hand Cart
27:42 Scale Barding Armor
27:47 Forging
31:47 Husbandry
Keywar
10:49 Feudal Age
13:22 Loom
16:03 Castle Age
14:45 Double-Bit Axe
15:54 Gold Mining
15:48 Horse Collar
19:47 Bow Saw
24:02 Husbandry
25:27 Scale Barding Armor
26:55 Wheelbarrow
26:33 Bloodlines
27:21 Heavy Plow
27:58 Gold Shaft Mining
29:24 Chain Barding Armor
赢嘤嘤嘤嘤因
9:43 Feudal Age
15:24 Castle Age
13:22 Stone Mining
14:15 Double-Bit Axe
15:28 Horse Collar
15:43 Loom
17:23 Bow Saw
17:47 Gold Mining
28:30 Ballistics
29:33 Wheelbarrow
28:54 Fletching
Im Noob
9:48 Feudal Age
14:15 Castle Age
18:23 Scale Mail Armor
18:34 Forging
18:52 Horse Collar
20:07 Chain Mail Armor
20:10 Arson
20:26 Squires
22:25 Iron Casting
28:00 Wheelbarrow
Connection lost

Rejoining the realm…

Still unreachable

The connection could not be restored.

Session expired

The server has moved on; the page needs a fresh start.